 Dungeon Crawl Stone Soup version 0.20.1-1-g8b1a95d (webtiles) character file.

194 jmlagarto the Skirmisher (level 5, -6/42 HPs)
             Began as a Demonspawn Abyssal Knight on Sept 6, 2017.
             Was a Believer of Lugonu.
             Mangled by equalderp2856's ghost (11 damage)
             ... on level 4 of the Dungeon.
             The game lasted 00:06:19 (3367 turns).

jmlagarto the Skirmisher (DsAK)                     Turns: 3367, Time: 00:06:19

Health: -6/42      AC:  6    Str: 12 (14) XL:     5   Next: 44%
Magic:  7/7        EV:  4    Int: 10 (13) God:    Lugonu [**....]
Gold:   198        SH: 10    Dex: 10 (12) Spells: 4/4 levels left

rFire    . . .     SeeInvis .   a - +1 hand axe
rCold    . . .     Gourm    .   n - +0 large shield
rNeg     . . .     Faith    .   r - +0 scale mail
rPois    .         Spirit   .   (no helmet)
rElec    .         Reflect  .   (no cloak)
rCorr    .         Harm     .   (no gloves)
MR       .....                  (no boots)
Stlth    ..........             (no amulet)
Regen    0.2/turn               h - ring of flight
MPRegen  0.1/turn               o - ring of flight

@: flying
A: claws 1, spiny 2
a: Depart the Abyss, Bend Space, Renounce Religion


You were on level 4 of the Dungeon.
You worshipped Lugonu.
Lugonu was pleased with you.
You were near starving.

You visited 1 branch of the dungeon, and saw 4 of its levels.
You visited the Abyss 1 time.

You collected 198 gold pieces.

Inventory:

Hand Weapons
 a - a +1 hand axe (weapon)
Armour
 b - a +0 leather armour
 n - a +0 large shield (worn)
 r - a +0 scale mail (worn)
Jewellery
 h - a ring of flight (left claw)
 o - a ring of flight (right claw)
Scrolls
 j - 3 scrolls of identify {unknown}
 k - 4 scrolls of enchant weapon {unknown}
 l - 2 scrolls of teleportation {unknown}
 p - a scroll of recharging {unknown}
 q - a scroll of magic mapping {unknown}
Potions
 e - a potion of brilliance
 i - a potion of flight
Comestibles
 s - 2 bread rations
 t - a meat ration


   Skills:
 + Level 3.9 Fighting
 + Level 3.5 Axes
 + Level 2.7 Armour
 + Level 1.4 Dodging
 + Level 0.2 Stealth
 + Level 0.8 Shields
 + Level 2.8 Invocations


You had 4 spell levels left.
You didn't know any spells.

Dungeon Overview and Level Annotations

Branches:
Dungeon (4/15)
 Temple: D:4-7

Altars:
Gozag
Qazlal
Ru
Vehumet
Xom

Annotations:
D:4 equalderp2856's ghost, amateur MiFi


Innate Abilities, Weirdness & Mutations

You have sharp fingernails.
You are mostly covered in sharp spines.


Message History

You feel very buoyant.
You fly up into the air.
Equalderp2856's ghost hits you.
* * * LOW HITPOINT WARNING * * *
It was a potion of degeneration.
There was something very wrong with that liquid.
You feel weakened.
You feel dopey.
You feel clumsy.
The frilled lizard bites the bush but does no damage.
Equalderp2856's ghost hits you but does no damage.
Okay, then.
As you read the scroll labeled QUYTIH LIQI, it crumbles to dust.
You assume a fearsome visage.
The adder looks frightened!
The frilled lizard looks frightened!
Equalderp2856's ghost is unaffected.
It was a scroll of fear.
You block equalderp2856's ghost's attack.
As you read the scroll labeled BOTTAEN DODWEL, it crumbles to dust.
The creatures around you are filled with an inner flame!
It was a scroll of immolation.
Equalderp2856's ghost is struck by your spines.
Equalderp2856's ghost hits you!
You die... # ..P.P...P.P# #.# # #.PPP.P.PPP.P.P####.# # ........S.P.......# # #PPPPP.PPPPP.P####.# # #P..S..P...P.P# #.# # PPPPPlPPP.P.P# #.####### P...P...P...P# #........
P.PPP.PWP.PPP# #####.### P.....P^@...P# #.# P.PPPPPPPPPPP#

#.#
...######.#####
#.# ... #.# #.#
.. #.# #.# ...
... ... ...
#...#


You could see equalderp2856's ghost (inner flame), an adder (inner flame) and a
frilled lizard (inner flame).

Vanquished Creatures
  An orc wizard (D:3)
  An orc priest (D:3)
  Robin (D:3)
  3 adders
  A worm (D:3)
  5 dart slugs
  2 leopard geckos (D:1)
  3 orcs (D:3)
  A giant cockroach (D:3)
  20 goblins
  10 hobgoblins
  8 kobolds
  4 quokkas
  5 bats
  6 frilled lizards
  7 rats
78 creatures vanquished.

Notes
Turn   | Place    | Note
-------+----------+-------------------------------------------
     0 | Abyss:1  | jmlagarto the Demonspawn Abyssal Knight began the quest for the Orb.
     0 | Abyss:1  | Reached XP level 1. HP: 18/18 MP: 2/2
    27 | Abyss:1  | Found a corrupted altar of Lugonu.
    48 | Abyss:1  | Found a corrupted altar of Lugonu.
    61 | Abyss:1  | Noticed an iron imp
    63 | D:1      | Escaped the Abyss
   221 | D:1      | Reached skill level 1 in Dodging
   221 | D:1      | Gained mutation: You have sharp fingernails. [demonic ancestry]
   221 | D:1      | Reached XP level 2. HP: 19/24 MP: 3/3
   360 | D:1      | Reached * piety under Lugonu
  1035 | D:2      | Gained mutation: You are partially covered in sharp spines. [demonic ancestry]
  1035 | D:2      | Reached XP level 3. HP: 29/29 MP: 4/4
  1845 | D:2      | Noticed a fire elemental
  1847 | D:2      | Found a stormy altar of Qazlal.
  1897 | D:2      | Noticed an air elemental
  1897 | D:2      | Noticed a water elemental
  1897 | D:2      | Noticed an earth elemental
  1970 | D:3      | Reached ** piety under Lugonu
  2060 | D:3      | Gained mutation: You are mostly covered in sharp spines. [demonic ancestry]
  2060 | D:3      | Reached XP level 4. HP: 6/37 MP: 5/5
  2506 | D:3      | Found a sacrificial altar of Ru.
  2507 | D:3      | Found a shimmering altar of Xom.
  2507 | D:3      | Found an opulent altar of Gozag.
  2508 | D:3      | Found a radiant altar of Vehumet.
  2536 | D:3      | Reached XP level 5. HP: 31/42 MP: 5/7
  2637 | D:3      | Found a faded altar of an unknown god.
  2697 | D:3      | Noticed Robin
  2722 | D:3      | Killed Robin
  3349 | D:4      | Noticed equalderp2856's ghost (amateur MiFi)
  3367 | D:4      | Mangled by equalderp2856's ghost

Skill      XL: |  1  2  3  4 |
---------------+-------------+-----
Axes           | 2 3 |  3.5
Dodging        | 1 |  1.4
Armour         | 2 |  2.7
Fighting       | |  3.9
Stealth        | |  0.2
Shields        | |  0.8
Invocations    | |  2.8

Action                   |  1- 3 |  4- 6 || total
-------------------------+-------+-------++-------
Melee: Hand axe          |   121 |    66 ||   187
Invok: Depart the Abyss  |     1 |       ||     1
       Bend Space        |       |     1 ||     1
 Abil: Evoke Flight      |     1 |       ||     1
  Use: Potion            |       |     6 ||     6
       Scroll            |       |     2 ||     2
  Eat: Bread ration      |     1 |       ||     1
       Chunk             |       |     2 ||     2
Armor: Leather armour    |    19 |       ||    19
       Scale mail        |     3 |    36 ||    39
Dodge: Dodged            |    63 |    11 ||    74
Block: Large shield      |    12 |    46 ||    58
